Map: Oxide LE

Players

Kas

  • Race: Terran Terran
  • League: Grandmaster

goblin - Winner!

  • Race: Protoss Protoss
  • League: Master

Event: DreamHack SC2 Masters 2021 Summer

VOD

Have the link to the VOD?

Description

Time

  • Played on: May 27, 2021, 1:14 p.m.
  • Length: 13:55

All games in this series

Show
View Real Time Build Order
Export as new Build Order

Kas Terran 

Build Orders:  

Get SALT Encoding   

  12  0:00  SCV  
  13  0:12  SCV  
  14  0:17  Supply Depot  
  14  0:24  SCV  
  15  0:38  SCV  
  15  0:40  Barracks  
  16  0:43  Refinery  
  16  0:50  SCV  
  17  1:03  SCV  
  18  1:15  SCV  
  19  1:27  Orbital Command, Marine  
  20  1:46  Command Center  
  20  1:47  Barracks Reactor  
  20  1:53  SCV  
  21  1:58  Supply Depot  
  21  2:06  SCV  
  22  2:11  Factory  
  22  2:21  SCV  
  23  2:24  Marine x2  
  23  2:25  Refinery  
  25  2:33  SCV  
  26  2:42  Marine x2  
  28  2:46  SCV  
  29  2:55  Factory Tech Lab  
  29  2:56  Starport  
  29  2:58  SCV, Orbital Command  
  30  3:02  Marine  
  30  3:05  Marine  
  32  3:10  SCV  
  33  3:17  Siege Tank  
  36  3:21  Marine  
  36  3:22  SCV, Marine  
  36  3:24  SCV  
  40  3:32  Medivac, Supply Depot  
  42  3:37  SCV x2  
  42  3:40  Marine x2  
  46  3:54  SCV, Cyclone  
  46  3:55  SCV, Supply Depot  
  51  4:03  Marine x2  
  51  4:07  SCV  
  54  4:11  Supply Depot  
  54  4:16  Viking  
  54  4:17  SCV  
  57  4:18  Supply Depot  
  57  4:20  Marine x2  
  57  4:40  Marine  
  57  4:45  Marine  
  58  4:48  SCV, Viking, Cyclone  
  58  4:52  SCV, Supply Depot x2  
  66  4:53  Barracks  
  66  4:54  Barracks  
  66  4:58  Marine  
  67  5:02  SCV  
  67  5:03  Marine  
  67  5:05  Engineering Bay  
  67  5:06  SCV  
  70  5:10  Refinery  
  70  5:14  SCV  
  70  5:16  Marine  
  70  5:19  Starport Tech Lab  
  70  5:21  Marine  
  72  5:22  SCV  
  72  5:27  SCV, Siege Tank  
  78  5:31  Terran Infantry Weapons Level 1  
  78  5:34  SCV, Marine  
  80  5:36  Supply Depot  
  80  5:37  Refinery  
  80  5:39  SCV  
  80  5:42  Barracks Tech Lab  
  81  5:47  SCV, Starport Reactor  
  81  5:48  Marine, Stimpack  
  83  5:55  SCV  
  83  5:56  Supply Depot  
  83  6:03  SCV, Combat Shield  
  83  6:04  Marauder, Marine x2  
  83  6:08  SCV  
  86  6:13  Marauder  
  86  6:15  SCV  
  89  6:21  Supply Depot  
  89  6:22  SCV  
  89  6:24  Marine x2, Siege Tank  
  95  6:26  Marine  
  93  6:33  Marine  
  93  6:34  Viking  
  93  6:36  SCV x2, Viking  
  93  6:39  Supply Depot  
  100  6:41  Supply Depot  
  100  6:44  Marauder, Marine  
  100  6:45  Marine  
  104  6:48  SCV  
  104  6:50  SCV  
  104  6:52  Marauder  
  108  6:56  Siege Tank  
  111  7:02  Marine x2  
  111  7:04  Missile Turret, Supply Depot  
  111  7:06  Missile Turret, Supply Depot  
  113  7:10  Viking x2  
  117  7:18  Marauder x2  
  117  7:20  Marine x2  
  123  7:25  Terran Infantry Armor Level 1  
  123  7:27  Supply Depot  
  123  7:28  Concussive Shells  
  123  7:36  Siege Tank  
  126  7:37  Missile Turret  
  126  7:38  Marine x2  
  130  7:51  Marauder x2  
  130  7:55  Command Center  
  130  7:57  Supply Depot x2  
  132  7:59  Marine x2  
  132  8:01  Medivac  
  132  8:04  Medivac  
  138  8:18  Siege Tank  
  141  8:25  Marine x2  
  141  8:26  Marauder x2  
  145  8:40  Barracks  
  145  8:41  Barracks  
  145  8:42  Viking  
  145  8:43  Marine x2, Viking  
  145  8:45  Supply Depot  
  145  8:47  Marauder  
  153  8:55  Marauder  
  155  8:59  Siege Tank  
  158  9:05  Marine x2  
  158  9:09  Marauder  
  162  9:16  Marauder  
  162  9:30  Marauder  
  122  9:38  Marauder, Marine x2  
  109  9:39  Viking  
  109  9:40  Marine x2  
  109  9:43  Siege Tank  
  112  9:52  Marauder  
  99  9:55  Orbital Command, Viking  
  99  9:59  Marauder, Marine  
  104  10:03  Barracks Tech Lab, Marine  
  104  10:05  Armory  
  104  10:06  Engineering Bay  
  105  10:13  Marauder  
  107  10:20  Marauder  
  107  10:21  Orbital Command  
  101  10:26  Marauder, Marine x2  
  101  10:27  Viking x2  
  109  10:29  Barracks Reactor  
  109  10:34  Marauder  
  111  10:38  SCV x2  
  111  10:39  Missile Turret  
  111  10:42  Marauder  
  115  10:53  Marauder, Marine x2  
  89  11:13  Viking x2, Siege Tank  
  89  11:14  Marauder x2, Marine x4  
  104  11:18  Refinery  
  104  11:19  Refinery, Terran Infantry Armor Level 2, Ghost Academy  
  104  11:22  Terran Infantry Weapons Level 2  
  104  11:30  Marauder  
  104  11:32  Marine  
  107  11:37  Marine x2  
  107  11:38  Marine x2  
  111  11:43  Medivac  
  111  11:45  SCV x3  
  116  11:53  Ghost  
  115  11:55  Marine  
  115  11:56  Marine  
  115  11:57  SCV, Marine x2  
  125  12:08  Ghost  
  125  12:09  Ghost  
  125  12:11  Siege Tank  
  125  12:13  Marine x2  
  125  12:15  Marine  
  130  12:17  Viking  
  130  12:22  Command Center  
  133  12:23  Marine x2  
  133  12:29  Bunker  
  134  12:34  Marine x2  
  136  12:38  Marauder  
  136  12:39  Marauder  
  109  12:53  Ghost  
  109  12:54  Marine x2  
  109  12:55  Medivac x2, Siege Tank  
  120  12:58  Ghost  
  120  13:01  SCV x3  
  125  13:11  Ghost  
  125  13:12  Marine x2  
  129  13:16  Bunker  
  129  13:19  SCV x3  
  132  13:21  Marine x2  
  134  13:28  Missile Turret  
  134  13:31  SCV x2  
Show
View Real Time Build Order
Export as new Build Order

goblin Protoss - Winner!

Build Orders: 1 Gate Expand, Phoenix Opening, Colossus Rush 

Get SALT Encoding   

  12  0:00  Probe  
  13  0:12  Probe  
  14  0:18  Pylon  
  14  0:24  Probe (Chrono Boost)  
  15  0:36  Probe (Chrono Boost)  
  15  0:38  Gateway  
  16  0:45  Probe (Chrono Boost)  
  16  0:46  Assimilator  
  17  0:50  Probe  
  18  1:03  Probe  
  19  1:15  Probe  
  20  1:25  Cybernetics Core  
  20  1:33  Nexus  
  20  1:40  Pylon  
  20  1:44  Probe  
  21  1:49  Assimilator  
  21  1:57  Probe (Chrono Boost)  
  21  1:59  Adept (Chrono Boost)  
  24  2:09  Probe (Chrono Boost)  
  25  2:17  Probe (Chrono Boost)  
  25  2:18  Stargate  
  25  2:23  Probe  
  25  2:27  Stalker  
  28  2:35  Warp Gate  
  28  2:36  Probe (Chrono Boost)  
  29  2:45  Probe (Chrono Boost)  
  31  2:53  Probe (Chrono Boost)  
  31  2:55  Probe (Chrono Boost)  
  32  2:58  Stalker  
  32  3:00  Probe x2 (Chrono Boost)  
  36  3:08  Phoenix  
  36  3:12  Probe (Chrono Boost)  
  40  3:16  Probe (Chrono Boost)  
  40  3:17  Pylon  
  40  3:22  Probe (Chrono Boost), Shield Battery  
  40  3:26  Probe (Chrono Boost)  
  42  3:27  Probe (Chrono Boost)  
  42  3:33  Phoenix  
  45  3:36  Probe  
  45  3:41  Probe, Assimilator  
  47  3:43  Assimilator  
  47  3:48  Probe  
  48  3:49  Robotics Facility  
  48  3:53  Probe  
  49  3:59  Phoenix  
  49  4:00  Probe  
  52  4:05  Pylon  
  52  4:11  Gateway  
  52  4:12  Gateway  
  52  4:16  Probe x2  
  54  4:25  Pylon  
  54  4:27  Phoenix  
  54  4:28  Probe x2  
  58  4:35  Immortal (Chrono Boost)  
  62  4:46  Probe x2  
  62  4:48  Shield Battery  
  62  4:49  Pylon  
  62  4:51  Zealot  
  66  5:00  Phoenix  
  66  5:02  Pylon  
  68  5:09  Observer (Chrono Boost)  
  68  5:10  Robotics Bay  
  69  5:15  Probe x2  
  71  5:21  Zealot  
  71  5:22  Observer (Chrono Boost), Zealot, Sentry  
  71  5:26  Pylon  
  78  5:29  Phoenix  
  80  5:39  Nexus  
  80  5:41  Pylon  
  80  5:48  Probe  
  80  5:49  Probe  
  82  5:51  Observer  
  82  5:54  Phoenix  
  84  5:57  Colossus (Chrono Boost)  
  84  6:03  Extended Thermal Lance  
  91  6:04  Probe x2  
  91  6:07  Shield Battery  
  92  6:19  Probe x2, Phoenix  
  96  6:31  Probe x2  
  96  6:38  Colossus (Chrono Boost)  
  102  6:48  Pylon  
  102  6:50  Phoenix  
  102  6:51  Probe x2, Gateway x2  
  106  6:55  Gateway  
  106  7:03  Probe x2, Forge  
  106  7:05  Twilight Council  
  108  7:12  Probe  
  108  7:13  Assimilator  
  109  7:15  Phoenix  
  109  7:16  Assimilator  
  109  7:17  Pylon  
  109  7:19  Colossus (Chrono Boost)  
  109  7:22  Shield Battery  
  111  7:26  Protoss Ground Weapons Level 1 (Chrono Boost)  
  111  7:27  Probe  
  111  7:28  Probe x2  
  120  7:31  Charge (Chrono Boost), Pylon  
  120  7:39  Gateway x2  
  120  7:43  Probe  
  122  7:44  Probe  
  122  7:53  Templar Archives  
  122  7:54  Zealot  
  122  7:56  Shield Battery  
  122  7:58  Shield Battery  
  124  7:59  Zealot x2  
  124  8:03  Pylon  
  124  8:04  Zealot  
  130  8:07  Phoenix  
  132  8:16  Zealot x3  
  138  8:21  Shield Battery  
  138  8:22  Shield Battery  
  138  8:24  Pylon  
  138  8:32  Phoenix  
  140  8:35  High Templar x2, Shield Battery  
  140  8:36  Zealot x2  
  140  8:40  Archon  
  148  8:42  Pylon, Shield Battery  
  148  8:43  Pylon x2  
  148  8:52  Zealot x4  
  156  9:01  Pylon  
  156  9:03  High Templar x2  
  160  9:10  Archon  
  160  9:12  High Templar x2, Zealot x3  
  160  9:15  High Templar  
  166  9:19  Archon  
  124  9:31  Colossus (Chrono Boost)  
  124  9:34  Phoenix, Zealot x3  
  118  9:41  Zealot x2  
  118  9:45  Zealot x2  
  120  9:51  Phoenix  
  106  9:54  Protoss Ground Weapons Level 2 (Chrono Boost)  
  108  10:05  Nexus  
  108  10:06  High Templar x2, Zealot x3  
  108  10:07  Pylon  
  118  10:10  Archon  
  112  10:22  Zealot x3  
  112  10:26  Phoenix (Chrono Boost)  
  120  10:37  Warp Prism (Chrono Boost)  
  122  10:43  High Templar x2, Zealot x4  
  122  10:44  Zealot  
  122  10:47  Phoenix (Chrono Boost)  
  122  10:48  Archon  
  138  10:56  Pylon  
  138  10:57  Observer  
  138  11:00  Phoenix  
  138  11:02  Protoss Air Weapons Level 1 (Chrono Boost)  
  124  11:11  Immortal (Chrono Boost)  
  114  11:15  High Templar x2, Zealot  
  114  11:16  Zealot x3  
  130  11:19  Probe x2  
  130  11:20  Probe x2  
  130  11:24  Archon, Forge  
  130  11:25  Phoenix  
  136  11:35  Gateway x2  
  136  11:38  Assimilator x2  
  136  11:50  High Templar x2  
  136  11:51  Zealot x4  
  148  11:55  Archon  
  148  11:56  High Templar x2  
  152  12:01  Photon Cannon  
  152  12:02  Archon  
  152  12:03  Shield Battery  
  152  12:07  Pylon  
  152  12:11  Phoenix  
  154  12:19  Zealot  
  156  12:23  Probe  
  156  12:24  Zealot x2  
  156  12:25  Zealot x3  
  166  12:35  Zealot x3  
  140  12:49  High Templar x4  
  140  12:50  Zealot x3  
  146  12:52  Phoenix (Chrono Boost)  
  146  12:54  Archon x2  
  148  13:04  Zealot x2  
  148  13:05  Nexus, Zealot  
  154  13:06  Pylon  
  154  13:15  Phoenix (Chrono Boost)  
  156  13:30  High Templar x2  
  156  13:32  Zealot  
  156  13:33  Zealot x5  
  156  13:34  High Templar x2  
  176  13:35  Archon  
  176  13:39  Archon  
Tags
 
Add a new tag
Caveats
  • Supply blocks, unpowered buildings, or Contaminate may cause inaccurate times.
  • Supply counts are checked every 10 seconds.